AoeStats
← Lucas

Arabia

510549876Analyzed
1v1 RM · 2d ago on Oct 1, 2026· 27m 23s· 2 players
Game mode
Random Map
Map size
Tiny (2 player)
Population
200
Speed
Normal
Resources
Standard
Victory
Conquest
Starting age
Dark Age
Ending age
Imperial Age
RankedLock teamsTeams togetherTeam positionsShared explorationLock speedFull tech treeHidden civsTurbo modeCheats
Victory
Defeat
🇩🇪 Byzantines · Germany
1028
+15
🇧🇷 Berbers · Brazil
1000
-45
Lucas
13:35 Feudal Age
21:54 Man-at-Arms
Trexology
6:59 Loom
10:13 Feudal Age
10:19 Man-at-Arms
10:50 Double-Bit Axe
11:01 Horse Collar
22:37 Castle Age
20:59 Gold Mining
21:56 Fletching
22:06 Padded Archer Armor
23:19 Bodkin Arrow
23:39 Leather Archer Armor
22:53 Crossbowman
23:51 Leather Archer Armor
25:00 Bow Saw
25:19 Thumb Ring
Connection lost

Rejoining the realm…

Still unreachable

The connection could not be restored.

Session expired

The server has moved on; the page needs a fresh start.